Map: Jagannatha LE

Players

AGOElazer (Elazer) - Winner!

  • Race: Zerg Zerg
  • League: Grandmaster

Vanya

  • Race: Zerg Zerg
  • League: Master

Event: DreamHack SC2 Masters 2021 Summer

VOD

Have the link to the VOD?

Description

Time

  • Played on: May 27, 2021, 10:26 a.m.
  • Length: 11:49

All games in this series

Show
View Real Time Build Order
Export as new Build Order

AGOElazer Zerg - Winner!

Build Orders: Hatch First 

Get SALT Encoding   

  12  0:00  Drone  
  13  0:11  Overlord  
  13  0:16  Drone  
  14  0:30  Drone x2  
  16  0:48  Hatchery  
  15  0:51  Drone  
  15  0:54  Drone  
  17  0:58  Drone  
  18  1:08  Extractor  
  17  1:13  Spawning Pool  
  17  1:16  Drone  
  17  1:20  Drone  
  18  1:28  Drone  
  19  1:38  Drone  
  20  1:49  Drone  
  21  2:00  Queen x2, Zergling x2  
  26  2:03  Overlord  
  26  2:10  Drone, Metabolic Boost  
  26  2:11  Drone  
  28  2:21  Drone x2  
  30  2:33  Hatchery  
  30  2:36  Drone  
  30  2:38  Drone  
  31  2:45  Baneling Nest  
  31  2:46  Drone  
  31  2:50  Overlord  
  31  2:55  Drone  
  31  2:56  Drone  
  33  3:07  Drone x3  
  33  3:09  Zergling x4  
  33  3:10  Zergling x2  
  39  3:15  Overlord  
  39  3:19  Zergling x2  
  40  3:21  Drone x2  
  42  3:28  Baneling, Zergling x2  
  42  3:29  Baneling  
  42  3:30  Zergling x2  
  43  3:34  Queen  
  43  3:40  Drone  
  47  3:41  Drone  
  47  3:42  Overlord  
  47  3:44  Zergling x6  
  47  3:47  Zergling x4  
  52  3:54  Zergling x4  
  52  3:55  Baneling  
  54  3:58  Overlord  
  54  4:02  Drone  
  55  4:07  Overlord  
  55  4:09  Extractor, Roach Warren  
  53  4:13  Zergling x8  
  56  4:19  Overlord  
  56  4:24  Drone x4  
  60  4:29  Overlord  
  59  4:34  Evolution Chamber  
  59  4:37  Overlord  
  58  4:40  Overlord  
  58  4:49  Roach x5  
  58  4:52  Drone x2  
  70  4:58  Roach  
  70  4:59  Roach  
  74  5:04  Drone x2  
  75  5:09  Roach x2  
  75  5:13  Roach x3  
  85  5:16  Roach  
  85  5:21  Roach x2  
  91  5:23  Overlord  
  91  5:26  Roach  
  93  5:33  Roach x3  
  99  5:36  Drone x2  
  99  5:42  Drone x4  
  105  5:45  Extractor x2  
  102  5:50  Zerg Missile Weapons Level 1  
  102  5:51  Drone x3  
  102  5:52  Drone  
  102  5:55  Drone x2  
  108  5:59  Drone x3  
  108  6:02  Drone x2  
  111  6:08  Drone x2, Overlord  
  108  6:14  Overlord  
  105  6:20  Queen, Lair  
  105  6:23  Roach  
  105  6:24  Roach  
  109  6:29  Roach x2  
  109  6:32  Roach x2  
  107  6:35  Roach  
  107  6:36  Roach  
  107  6:39  Roach  
  107  6:40  Zergling x2  
  107  6:41  Zergling x4  
  107  6:45  Roach x2  
  113  6:50  Overlord  
  112  6:55  Roach x4  
  112  6:56  Zergling x2  
  104  7:03  Roach x2  
  104  7:05  Roach  
  94  7:12  Roach  
  94  7:13  Roach  
  94  7:15  Overlord  
  95  7:17  Glial Reconstitution  
  95  7:19  Queen  
  95  7:21  Extractor, Drone x2  
  98  7:26  Drone  
  98  7:29  Baneling x2  
  99  7:30  Drone x7  
  99  7:35  Overseer  
  99  7:37  Overlord  
  106  7:43  Roach x2  
  110  7:50  Zerg Ground Armor Level 1, Overlord  
  110  7:59  Roach x3  
  110  8:03  Overlord  
  110  8:04  Hatchery  
  110  8:05  Roach x3  
  121  8:09  Roach x3  
  127  8:15  Roach  
  127  8:16  Roach  
  127  8:18  Overlord  
  131  8:23  Roach  
  131  8:24  Roach  
  135  8:34  Roach x3  
  137  8:39  Roach x8  
  145  8:44  Roach x3  
  141  8:50  Roach  
  141  8:53  Roach  
  141  8:54  Extractor  
  140  8:56  Hydralisk Den  
  140  9:00  Roach x2  
  129  9:05  Roach x2  
  129  9:09  Roach x4  
  133  9:15  Overlord  
  127  9:25  Hydralisk x7  
  127  9:35  Muscular Augments  
  127  9:42  Roach  
  127  9:43  Roach x5  
  129  9:48  Roach x3  
  127  9:54  Roach x4  
  135  10:00  Roach x3  
  135  10:02  Roach  
  135  10:04  Roach  
  129  10:10  Roach x3  
  129  10:19  Roach x5  
  133  10:28  Hydralisk x3, Spore Crawler  
  138  10:36  Roach x3  
  144  10:43  Overlord  
  144  10:44  Drone x2  
  144  10:45  Drone  
  144  10:46  Spore Crawler  
  144  10:50  Roach x3  
  144  11:04  Drone x10  
Show
View Real Time Build Order
Export as new Build Order

Vanya Zerg 

Build Orders: Hatch First 

Get SALT Encoding   

  12  0:00  Drone  
  13  0:11  Overlord  
  13  0:16  Drone  
  14  0:30  Drone x2  
  16  0:48  Hatchery  
  15  0:51  Drone  
  15  0:54  Drone  
  17  0:57  Drone  
  18  1:08  Extractor  
  17  1:13  Spawning Pool  
  17  1:16  Drone  
  17  1:19  Drone  
  18  1:27  Drone  
  19  1:38  Drone  
  20  1:48  Drone  
  21  2:00  Drone, Queen x2  
  21  2:01  Overlord  
  26  2:09  Metabolic Boost  
  26  2:11  Drone x2  
  28  2:23  Drone, Zergling x2  
  30  2:33  Hatchery  
  30  2:34  Zergling x2  
  30  2:37  Drone  
  30  2:43  Drone  
  32  2:45  Overlord  
  32  2:57  Drone x2  
  34  3:05  Zergling x2  
  34  3:06  Zergling x2  
  34  3:08  Zergling x12  
  42  3:14  Roach Warren  
  42  3:18  Zergling x4  
  43  3:31  Overlord  
  43  3:32  Zergling x2  
  44  3:54  Roach x7  
  55  4:03  Zergling x2, Roach  
  55  4:04  Overlord x2  
  56  4:18  Zergling x2  
  56  4:22  Queen  
  59  4:25  Drone x3  
  59  4:26  Zergling x2, Roach x2  
  59  4:27  Zergling x2  
  66  4:33  Roach  
  66  4:36  Roach  
  66  4:37  Zergling x4  
  72  4:41  Extractor  
  72  4:42  Drone x2  
  73  4:50  Overlord  
  73  4:51  Drone  
  73  4:52  Evolution Chamber  
  73  4:53  Drone  
  74  5:02  Overlord  
  74  5:09  Drone x6  
  80  5:14  Drone  
  81  5:23  Drone, Extractor  
  81  5:26  Drone x2  
  81  5:27  Zerg Missile Weapons Level 1  
  84  5:28  Roach x2  
  84  5:38  Drone, Overlord  
  84  5:40  Roach  
  84  5:41  Roach  
  89  5:48  Overlord  
  88  5:53  Ravager  
  88  5:54  Overlord  
  89  5:58  Zergling x2  
  89  5:59  Zergling x14  
  96  6:07  Roach x4  
  96  6:11  Drone  
  100  6:14  Drone x3  
  95  6:20  Lair  
  95  6:23  Drone  
  95  6:24  Drone  
  94  6:27  Drone  
  90  6:34  Zergling x10  
  89  6:40  Zergling x2  
  89  6:41  Zergling x4  
  89  6:44  Zergling x2  
  89  6:45  Ravager x2  
  95  6:50  Zergling x4  
  91  6:54  Zergling x2  
  91  6:59  Zergling x10  
  81  7:03  Queen  
  75  7:14  Drone x6  
  75  7:20  Spire  
  75  7:21  Drone x2, Overseer  
  75  7:22  Extractor  
  75  7:27  Glial Reconstitution  
  75  7:30  Drone x2  
  75  7:34  Ravager x3  
  75  7:36  Drone x4  
  84  7:41  Extractor  
  84  7:42  Queen  
  84  7:43  Extractor  
  83  7:49  Roach  
  83  7:50  Roach x2  
  89  8:00  Roach x5  
  99  8:10  Overlord  
  99  8:11  Roach x4  
  107  8:16  Roach x2  
  111  8:21  Overlord  
  111  8:23  Roach  
  113  8:33  Roach x4  
  117  8:36  Roach  
  112  8:43  Mutalisk x2  
  112  8:47  Mutalisk  
  105  8:56  Mutalisk x3  
  105  8:59  Mutalisk  
  104  9:06  Mutalisk  
  100  9:14  Roach  
  100  9:15  Roach x4  
  104  9:24  Roach x4  
  97  9:41  Roach x5  
  102  9:47  Roach  
  98  9:55  Roach x2  
  86  10:00  Roach x2  
  84  10:13  Roach x2  
  87  10:22  Roach x2  
  87  10:27  Drone x2  
  93  10:34  Ravager x4  
  93  10:35  Drone x2, Ravager  
  99  10:40  Drone  
  99  10:41  Drone  
  102  10:43  Drone  
  95  10:50  Drone x3  
  95  10:54  Drone  
  89  11:00  Roach  
Tags
 
Add a new tag
Caveats
  • Supply blocks, unpowered buildings, or Contaminate may cause inaccurate times.
  • Supply counts are checked every 10 seconds.